 Dungeon Crawl Stone Soup version 0.27.1-2-g3b301248ec (webtiles) character file.

Game seed: 802484762896628970

303 Borgoz the Skirmisher (level 6, -2/39 HPs)
             Began as a Gargoyle Berserker on Sept 27, 2021.
             Was a Priest of Trog.
             Slain by an adder (3 damage)
             ... in a sewer.
             The game lasted 00:05:38 (4637 turns).

Borgoz the Skirmisher (Gargoyle Berserker)          Turns: 4637, Time: 00:05:38

Health: -2/39      AC: 12    Str: 21    XL:     6   Next: 38%
Magic:  0/6        EV: 10    Int:  8    God:    Trog [***...]
Gold:   124        SH:  5    Dex: 10    Spells: 5/5 levels left

rFire    . . .     SeeInvis +   a - +0 mace
rCold    . . .     Faith    .   k - +2 buckler {rPois}
rNeg     + . .     Spirit   +   h - +0 scale mail
rPois    ∞         Reflect  .   (no helmet)
rElec    +         Harm     .   n - +0 cloak
rCorr    .         Rampage  .   (no gloves)
Will     .....                  (no boots)
Stlth    ..........             g - amulet of guardian spirit
HPRegen  0.13/turn              o - ring of see invisible
MPRegen  0.10/turn              (no ring)

@: on berserk cooldown, slowed, very slow
A: sickness immunity, AC +4, negative energy resistance 1, electricity
resistance, torment resistance 1, petrification resistance
a: Renounce Religion, Berserk, Trog's Hand


You were in a sewer.
You worshipped Trog.
Trog was most pleased with you.
You visited 1 branch of the dungeon, and saw 4 of its levels.
You also visited: Sewer.

You collected 124 gold pieces.

Inventory:

Hand Weapons
 a - a +0 mace (weapon)
Missiles
 b - a throwing net (quivered)
Armour
 h - a +0 scale mail (worn)
 k - a +2 buckler of poison resistance (worn)
 n - a +0 cloak (worn)
Jewellery
 g - an amulet of guardian spirit (around neck)
 j - a ring of fire
 o - a ring of see invisible (left hand)
Wands
 t - a wand of flame (16)
Scrolls
 c - a scroll of blinking {unknown}
 d - 5 scrolls of identify {unknown}
 e - a scroll of immolation {unknown}
 l - a scroll of vulnerability {unknown}
 m - 2 scrolls of teleportation {unknown}
 u - a scroll of fog {unknown}
 v - a scroll of enchant armour {unknown}
 w - a scroll of brand weapon {unknown}
Potions
 f - a potion of might {unknown}
 i - a potion of attraction {unknown}
 p - a potion of cancellation {unknown}
 q - 2 potions of brilliance {unknown}
 r - a potion of heal wounds {unknown}
 s - a potion of invisibility {unknown}


   Skills:
 * Level 4.6 Fighting
 * Level 4.3 Maces & Flails
 * Level 4.0 Armour
 + Level 2.7 Dodging
 + Level 1.2 Shields


You had 5 spell levels left.
You didn't know any spells.
Your spell library was empty.

Dungeon Overview and Level Annotations

Branches:
Dungeon (4/15)              Sewer (1/1)
 Temple: D:4-7

Altars:

Shops:
D:1 *


Innate Abilities, Weirdness & Mutations

You are immune to sickness and miasma.
Your stone body is resilient. (AC +4)
You are immune to poison.
You resist negative energy. (rN+)
You are resistant to electric shocks. (rElec)
You are resistant to unholy torment.
You are immune to petrification.


Message History

The adder bites you.
* * * LOW HITPOINT WARNING * * *
The adder bites you.
* * * LOW HITPOINT WARNING * * *
The bullfrog hits you.
* * * LOW HITPOINT WARNING * * *
You barely miss the bullfrog.
The bullfrog is severely wounded.
You block the adder's attack. The adder closely misses you.
You block the adder's attack.
The bullfrog hits you but does no damage.
The adder bites you but does no damage. The adder barely misses you.
You hit the bullfrog.
The bullfrog is almost dead.
The adder bites you but does no damage. The bullfrog barely misses you.
The adder closely misses you. You block the adder's attack. x2
You closely miss the bullfrog.
The bullfrog is almost dead.
The bullfrog hits you but does no damage.
The adder barely misses you.
The adder bites you but does no damage. x2
You block the adder's attack.
You barely miss the bullfrog.
The bullfrog is almost dead.
The bullfrog hits you.
* * * LOW HITPOINT WARNING * * *
The adder bites you but does no damage. The adder closely misses you.
The adder completely misses you. The adder barely misses you.
You closely miss the bullfrog.
The bullfrog is almost dead.
The bullfrog hits you but does no damage.
You block the adder's attack. The adder misses you.
The adder bites you but does no damage. The adder barely misses you.
The bullfrog closely misses you.
You closely miss the bullfrog.
The bullfrog is almost dead.
You are no longer berserk.
You are exhausted.
You feel yourself slow down. The adder bites you but does no damage.
The adder misses you. The adder bites you.
You die...

#..'....# #..#....#
####...##
##################....#
.#≈≈≈≈≈≈≈≈≈≈≈≈≈≈≈#.....#
..≈≈≈≈≈≈≈≈≈≈≈≈≈≈≈.....##
..#≈≈≈≈≈l≈≈≈≈≈≈≈≈.....#
S.≈≈≈≈≈#SF#≈≈≈≈≈≈≈....#
..≈≈≈≈#S@S≈≈≈≈≈≈≈....##
S.≈≈≈≈≈†S≈≈≈≈≈≈≈≈..###
####################


You could see a bullfrog, 4 adders and a frilled lizard.

Vanquished Creatures
  A bullfrog (Sewer)
  A hound (D:3)
  6 adders
  6 river rats (Sewer)
  2 worms
  An orc (D:4)
  16 ball pythons
  5 endoplasms
  5 giant cockroaches
  5 goblins
  4 hobgoblins
  6 jackals
  4 quokkas
  6 bats
  6 frilled lizards
  9 kobolds
  24 rats
107 creatures vanquished.

Notes
Turn   | Place    | Note
-------+----------+-------------------------------------------
     0 | D:1      | Borgoz the Gargoyle Berserker began the quest for the Orb.
     0 | D:1      | Reached XP level 1. HP: 14/14 MP: 1/1
   251 | D:1      | Found Fewamuos's Assorted Antiques.
   284 | D:1      | Reached XP level 2. HP: 9/19 MP: 2/2
   749 | D:1      | Found a faded altar of an unknown god.
   790 | D:1      | Reached XP level 3. HP: 13/23 MP: 3/3
  1847 | D:2      | Reached ** piety under Trog
  2175 | D:3      | Reached XP level 4. HP: 19/29 MP: 4/4
  3589 | D:4      | Reached XP level 5. HP: 31/33 MP: 5/5
  3995 | D:4      | Found a glowing drain.
  3999 | Sewer    | Entered a sewer
  4522 | Sewer    | Reached XP level 6. HP: 35/39 MP: 6/6
  4536 | Sewer    | Reached skill level 1 in Shields
  4542 | Sewer    | Reached *** piety under Trog
  4635 | Sewer    | HP: 2/58 [bullfrog (4)]
  4637 | Sewer    | Slain by an adder

Illustrated notes

Levels and vault maps discovered:
D:1:      minmay_arrival_open_corners, layout_loops_ring,
          hellmonk_ecumenical_altar_heavens_door, serial_shops, shop
D:2:      layout_loops_cross
D:3:      minmay_door_path, layout_basic, grunt_ministairs_2,
          roderic_serpentine_path
D:4:      layout_basic, xom_redecorated, minmay_temple_entry_gardened_gates,
          gup_sewer_entry_bowl
Sewer:    sewer_minmay_w

Skill      XL: |  1  2  3  4  5  6 |
---------------+-------------------+-----
Dodging        | 2 |  2.7
Armour         | 3 4 |  4.0
Fighting       | 4 |  4.6
Maces & Flails | 4 |  4.3
Shields        | 1 |  1.2

Action                   |  1- 3 |  4- 6 || total
-------------------------+-------+-------++-------
Melee: Mace              |   123 |   287 ||   410
Invok: Berserk           |     3 |     4 ||     7
       Trog's Hand       |       |     1 ||     1
Armor: Animal skin       |    44 |    10 ||    54
       Scale mail        |       |   179 ||   179
Dodge: Dodged            |   117 |   222 ||   339
Block: Buckler           |       |    73 ||    73
